 Dungeon Crawl Stone Soup version 0.28.0-53-g5a82cb258f (webtiles) character file.

Game seed: 3314473102238680474

47 Legadrian the Skirmisher (level 3, 0/45 HPs)
             Began as a Human Fighter on July 3, 2022.
             Slain by an adder (1 damage)
             ... on level 1 of the Dungeon.
             The game lasted 00:02:24 (1033 turns).

Legadrian the Skirmisher (Human Fighter)            Turns: 1033, Time: 00:02:25

Health: 0/45       AC: 21    Str: 18    XL:     3   Next: 97%
Magic:  3/3        EV:  2    Int:  8    God:
Gold:   23         SH:  4    Dex: 12    Spells: 2/2 levels left

rFire   . . .      SeeInvis .   a - +0 long sword
rCold   . . .      Faith    .   c - +0 buckler
rNeg    . . .      Spirit   .   (armour currently unavailable)
rPois   +          Reflect  .   (helmet currently unavailable)
rElec   .          Harm     .   (cloak currently unavailable)
rCorr   .          Rampage  .   (gloves currently unavailable)
Will    .....      NoTele   +   (boots currently unavailable)
Stlth   +.........              (no amulet)
HPRegen 0.15/turn               (no ring)
MPRegen 0.08/turn               (no ring)

@: mighty, lethally poisoned (0 -> -1), tree-form
A: stationary, stasis, torment immunity, boosted hp
a: no special abilities


You were on level 1 of the Dungeon.
You were a tree.
You visited 1 branch of the dungeon, and saw 2 of its levels.

You collected 23 gold pieces.

Inventory:

Hand Weapons
 a - a +0 long sword (weapon)
Armour
 b - a +0 scale mail (melded)
 c - a +0 buckler (worn)
Scrolls
 f - a scroll of identify {unknown}


   Skills:
 + Level 3.8 Fighting
 + Level 3.1 Long Blades
 - Level 3.0 Armour
 - Level 3.0 Shields


You had 2 spell levels left.
You didn't know any spells.
Your spell library contained the following spells:

 Spells                   Type           Power      Damage    Failure   Level
 Slow                     Hex            0%         N/A       50%         1


Dungeon Overview and Level Annotations

Branches:
Dungeon (2/15)

Altars:


Message History

The goblin is moderately wounded.
The goblin hits you but does no damage.
The scorpion stings you but does no damage.
The scorpion stings you.
There is a stone staircase leading up here.
You can't go down here!
You block the goblin's attack. The adder barely misses you.
The scorpion stings you but does no damage.
You climb upwards.
There is a stone staircase leading down here.
The scorpion stings you. The adder bites you but does no damage.
The scorpion stings you but does no damage.
You feel very mighty all of a sudden.
The scorpion stings you but does no damage.
You closely miss the scorpion. The scorpion stings you. x2
* * * LOW HITPOINT WARNING * * *
You are lethally poisoned!
The scorpion poisons you!
You hit the scorpion.
The scorpion is lightly wounded.
* * * LOW HITPOINT WARNING * * *
You feel very sick.
The scorpion stings you but does no damage.
It was a potion of lignification.
You turn into a tree.
Your +0 scale mail melds into your body.
Your roots penetrate the ground.
You feel sick. You block the scorpion's attack.
You hit the scorpion.
The scorpion is moderately wounded.
You feel sick. You block the scorpion's attack. The scorpion stings you.
* * * LOW HITPOINT WARNING * * *
You hit the scorpion.
The scorpion is severely wounded.
* * * LOW HITPOINT WARNING * * *
You feel sick. You block the scorpion's attack.
You slash the scorpion!
You kill the scorpion!
* * * LOW HITPOINT WARNING * * *
You feel sick. The adder bites you.
You die...

####.....#####.#.#.............#.
...#.....#...#.#...............#.
.⌠.#....[#.⌠.#...####..........#.
...#.....#...#......+..........#.
####.....#####..>####..........#.
###########....#.# #.........)#.
#.####g# ########'#.#. #.# #S#
#.#.#. #.# #♣# #.#.#. #.# #.#
#.#.#. #.# #.# #.#.#. #.# #.#
#.#.#. #.####.#############.#.
#....................#.
######.###############.
#.................
##################


You could see an adder and a goblin.

Vanquished Creatures
  A scorpion (D:1)
  A dart slug (D:1)
  2 bats (D:1)
  5 endoplasms (D:1)
  A giant cockroach (D:1)
  5 goblins (D:1)
  4 hobgoblins (D:1)
  7 jackals (D:1)
  A quokka (D:1)
  3 ball pythons
  3 frilled lizards (D:1)
  4 kobolds (D:1)
  2 rats (D:1)
39 creatures vanquished.

Vanquished Creatures (others)
  A fungus (D:1)
  A plant (D:1)
2 creatures vanquished.

Grand Total: 41 creatures vanquished

Notes
Turn   | Place    | Note
-------+----------+-------------------------------------------
     0 | D:1      | Legadrian the Human Fighter began the quest for the Orb.
     0 | D:1      | Reached XP level 1. HP: 18/18 MP: 1/1
    30 | D:1      | Reached XP level 2. HP: 18/24 MP: 2/2
   368 | D:1      | Reached XP level 3. HP: 29/29 MP: 3/3
   907 | D:1      | Found a faded altar of an unknown god.
   915 | D:1      | Got Plato's Handbook of Execration
  1012 | D:2      | Noticed a scorpion
  1033 | D:1      | Killed a scorpion
  1033 | D:1      | HP: 1/45 [poisoned by a scorpion]
  1033 | D:1      | Slain by an adder

Illustrated notes

Levels and vault maps discovered:
D:1:      minmay_arrival_glassed_features, layout_basic,
          shapermc_ecumenical_altar_rom_forum
D:2:      layout_basic, nicolae_figureground_sparkle, uniq_terence

Skill      XL: |  1  2  3 |
---------------+----------+-----
Long Blades    | 3 |  3.1
Fighting       | |  3.8
Armour         | |  3.0
Shields        | |  3.0

Action                   || total
-------------------------++-------
Melee: Long sword        ||    99
  Use: Potion            ||     2
Armor: Scale mail        ||    47
Dodge: Dodged            ||    45
Block: Buckler           ||    26
